 Dungeon Crawl Stone Soup version 0.29.1-2-gbd0b4ee654 (webtiles) character file.

Game seed: 17268534317720534804

100 GorkyZ the Shield-Bearer (level 5, 0/42 HPs)
             Began as a Formicid Fighter on Nov 21, 2022.
             Slain by a water moccasin (5 damage)
             ... on level 3 of the Dungeon.
             The game lasted 00:05:14 (2002 turns).

GorkyZ the Shield-Bearer (Formicid Fighter)         Turns: 2002, Time: 00:05:14

Health: 0/42       AC:  8    Str: 29    XL:     5   Next: 3%
Magic:  5/5        EV:  7    Int:  7    God:
Gold:   244        SH: 13    Dex: 13    Spells: 4/4 levels left

rFire   . . .      SeeInvis +   a - +0 quarterstaff
rCold   . . .      Faith    .   r - +0 tower shield
rNeg    . . .      Spirit   .   b - +0 scale mail
rPois   .          Reflect  .   (helmet unavailable)
rElec   .          Harm     .   (no cloak)
rCorr   .          Rampage  .   (no gloves)
Will    .....                   o - +0 pair of boots
Stlth   ..........              (no amulet)
HPRegen 0.14/turn               s - +6 ring of strength
MPRegen 0.09/turn               (no ring)

@: no status effects
A: permanent stasis, dig shafts and tunnels, antennae 3, four strong arms
a: Dig, Shaft Self


You were on level 3 of the Dungeon.
You visited 1 branch of the dungeon, and saw 3 of its levels.

You collected 244 gold pieces.

Inventory:

Hand Weapons
 a - a +0 quarterstaff (weapon)
Missiles
 i - 4 poisoned darts (quivered)
 l - 6 atropa-tipped darts
Armour
 b - a +0 scale mail (worn)
 c - a +0 buckler
 o - a +0 pair of boots (worn)
 r - a +0 tower shield (worn)
Jewellery
 s - a +6 ring of strength (left hand)
Scrolls
 g - 6 scrolls of identify {unknown}
 h - a scroll of enchant armour {unknown}
 j - a scroll of immolation {unknown}
 k - a scroll of brand weapon {unknown}
 m - 2 scrolls of teleportation {unknown}
 n - a scroll of poison {unknown}
 p - a scroll of summoning {unknown}
 t - a scroll of fear {unknown}
Potions
 d - a potion of might
 e - a potion of lignification {unknown}
 f - a potion of invisibility {unknown}
 q - 4 potions of brilliance {unknown}
 u - a potion of curing {unknown}
 v - a potion of magic {unknown}


   Skills:
 + Level 3.9 Fighting
 - Level 2.0 Staves
 + Level 1.3 Throwing
 + Level 3.8 Armour
 + Level 1.2 Dodging
 + Level 4.6 Shields
 + Level 1.4 Evocations


You had 4 spell levels left.
You didn't know any spells.
Your spell library was empty.

Dungeon Overview and Level Annotations

Branches:
Dungeon (3/15)

Altars:


Innate Abilities, Weirdness & Mutations

You cannot be hasted, slowed, berserked, paralysed or teleported.
You can dig through walls and to a lower floor.
You have a pair of large antennae on your head. (SInv)
Your four strong arms can wield two-handed weapons with a shield.


Message History

Throw: 7 darts (poison)
Press: ? - help, Q - select action, (/) - cycle Shift-Dir - straight line, f - water moccasin
Aim: a water moccasin (38% to hit)
You throw a poisoned dart.
The poisoned dart closely misses the water moccasin.
The poisoned dart hits the kobold.
The kobold is poisoned.
You block the water moccasin's attack. x2
Throw: 6 darts (poison)
Press: ? - help, Q - select action, (/) - cycle Shift-Dir - straight line, f/p - water moccasin
Aim: a water moccasin (38% to hit)
You throw a poisoned dart.
The poisoned dart hits the water moccasin.
You kill the kobold!
The water moccasin bites you.
The water moccasin bites you but does no damage.
Throw: 5 darts (poison)
Press: ? - help, Q - select action, (/) - cycle Shift-Dir - straight line, f/p - water moccasin
Aim: a water moccasin (38% to hit)
You throw a poisoned dart.
The poisoned dart barely misses the water moccasin.
The water moccasin bites you but does no damage.
The water moccasin bites you.
* * * LOW HITPOINT WARNING * * *
You hit the water moccasin.
The water moccasin is lightly wounded.
The water moccasin bites you but does no damage.
You block the water moccasin's attack.
You closely miss the water moccasin.
The water moccasin is lightly wounded.
You block the water moccasin's attack. The water moccasin bites you.
* * * LOW HITPOINT WARNING * * *
You closely miss the water moccasin.
The water moccasin is lightly wounded.
You block the water moccasin's attack. The water moccasin bites you!
* * * LOW HITPOINT WARNING * * *
You closely miss the water moccasin.
The water moccasin is lightly wounded.
The water moccasin bites you but does no damage.
The water moccasin bites you.
You die...

#..........#...# #.............
#..........#...###
#......##.....
........##.....###.............
......###.............#.......
#.......##.....#.......
##...#...#.....#.......
#...#...#<...>........
#...#..>##..###......#
#...#@#.......#......#
#####S##...##.#......#
#)##..###......... ##.....#
###......# #....#.... ########
#...##.### #....... ....##..#
#....... #....(. ... ).......
#........... #.....<.


You could see a water moccasin.

Vanquished Creatures
  An adder (D:2)
  2 worms (D:2)
  A dart slug (D:1)
  2 orcs
  4 ball pythons
  9 bats
  8 endoplasms
  15 giant cockroaches
  7 goblins
  5 hobgoblins
  3 jackals (D:1)
  7 kobolds
  2 frilled lizards (D:1)
  3 rats
  A spectral hobgoblin (D:1)
70 creatures vanquished.

Notes
Turn   | Place    | Note
-------+----------+-------------------------------------------
     0 | D:1      | GorkyZ the Formicid Fighter began the quest for the Orb.
     0 | D:1      | Reached XP level 1. HP: 18/18 MP: 1/1
   100 | D:1      | Found a faded altar of an unknown god.
   170 | D:1      | Reached XP level 2. HP: 24/24 MP: 2/2
   393 | D:1      | Reached XP level 3. HP: 29/29 MP: 3/3
   556 | D:1      | Reached skill level 1 in Evocations
  1142 | D:2      | Reached skill level 1 in Throwing
  1156 | D:2      | Reached XP level 4. HP: 37/37 MP: 4/4
  1327 | D:2      | Reached skill level 1 in Dodging
  1850 | D:3      | Reached XP level 5. HP: 42/42 MP: 5/5
  1980 | D:3      | Noticed a water moccasin
  2002 | D:3      | Slain by a water moccasin

Illustrated notes

Levels and vault maps discovered:
D:1:      scummos_arrival_hexagon, layout_basic,
          dreamdust_ecumenical_altar_drowned_temple, minmay_split_cup_small
D:2:      minmay_roachtagon, layout_rooms
D:3:      layout_rooms

Skill      XL: |  1  2  3  4 |
---------------+-------------+-----
Evocations     | 1 |  1.4
Throwing       | 1 |  1.3
Dodging        | 1 |  1.2
Fighting       | |  3.9
Staves         | |  2.0
Armour         | |  3.8
Shields        | |  4.6

Action                   |  1- 3 |  4- 6 || total
-------------------------+-------+-------++-------
Melee: Quarterstaff      |   110 |    94 ||   204
Throw: Dart              |       |     3 ||     3
Armor: Scale mail        |    55 |    76 ||   131
Dodge: Dodged            |    44 |    69 ||   113
Block: Buckler           |    33 |    33 ||    66
       Tower shield      |       |    17 ||    17
